 Dungeon Crawl Stone Soup version 0.29.0-4-gdea44cf6ec (webtiles) character file.

Game seed: 6425532255290746999

38 qw the Chopper (level 3, -1/21 HPs)
             Began as a Tengu Warper on Aug 28, 2022.
             Succumbed to a gnoll's poison
             ... on level 2 of the Dungeon.
             The game lasted 00:00:06 (1378 turns).

qw the Chopper (Tengu Warper)                       Turns: 1378, Time: 00:00:06

Health: -1/21      AC:  5    Str: 13    XL:     3   Next: 43%
Magic:  7/7        EV: 11    Int: 13    God:
Gold:   51         SH:  0    Dex: 13    Spells: 6/6 levels left

rFire   . . .      SeeInvis .   Y - +1 hand axe
rCold   . . .      Faith    .   (no shield)
rNeg    . . .      Spirit   .   g - +0 ring mail
rPois   .          Reflect  .   (helmet restricted)
rElec   .          Harm     .   (no cloak)
rCorr   .          Rampage  .   (no gloves)
Will    .....                   (boots unavailable)
Stlth   +.........              (no amulet)
HPRegen 0.07/turn               (no ring)
MPRegen 0.10/turn               (no ring)

@: lethally poisoned (-1 -> -13), hasted, very quick
A: beak, talons 3
a: no special abilities


You were on level 2 of the Dungeon.
You visited 1 branch of the dungeon, and saw 2 of its levels.

You collected 51 gold pieces.


Innate Abilities, Weirdness & Mutations

You have a beak for a mouth.
You have claws for feet.


   Skills:
 - Level 2.0 Fighting
 + Level 4.1 Axes
 - Level 1.0 Throwing
 - Level 1.1 Armour
 - Level 2.1 Dodging
 - Level 2.0 Spellcasting
 - Level 2.4 Translocations


You had 6 spell levels left.
You didn't know any spells.
Your spell library contained the following spells:

 Spells                   Type           Power      Damage    Failure   Level
 Blink                    Tloc           14%        N/A       30%         2
 Gell's Gravitas          Tloc           7%         N/A       52%         3
 Lesser Beckoning         Tloc           7%         N/A       52%         3
 Teleport Other           Tloc           7%         N/A       52%         3
 Manifold Assault         Tloc           7%         N/A       99%         5

Inventory:

Hand Weapons
 h - a +0 whip
 Y - a +1 hand axe (weapon)
Armour
 g - a +0 ring mail (worn)
Potions
 a - a potion of heal wounds {unknown}
 c - a potion of mutation {unknown}
 i - a potion of haste

Dungeon Overview and Level Annotations

Branches:
Dungeon (2/15)

Altars:


Message History

Where to? (* - list waypoints, ? - help)
What level of the Dungeon? (default 1, ? - help)
There is an open door here.
There is a stone staircase leading down here.
You climb downwards.
The gnoll shouts!
You hear a shout!
There is a stone staircase leading up here.
A gnoll is nearby!
Existing waypoints: (2) D:1 Assign waypoint to what number? (0-9, D - delete waypoint) Waypoint 1 assigned to D:2.
Enter note: A gnoll comes into view. It is wielding a +0 spear.
A dart slug and a gnoll come into view.
The gnoll shouts!
The gnoll hits you with a +2 whip of venom.
You are poisoned.
You barely miss the gnoll.
You feel sick.
The gnoll hits you with a +2 whip of venom.
You are lethally poisoned!
You hit the gnoll.
The gnoll is moderately wounded.
You feel very sick.
You hit the gnoll. Your kick misses the gnoll.
The gnoll is almost dead.
You feel very sick.
An adder comes into view.
The gnoll barely misses you.
You barely miss the gnoll. Your kick misses the gnoll.
The gnoll is almost dead.
You feel very sick. The gnoll hits you but does no damage.
You closely miss the gnoll. You claw the gnoll.
You kill the gnoll!
You feel sick.
Your Axes skill increases to level 4!
A hobgoblin comes into view.
You die...

#.# #.## ##
####..# .. #.....
.### #....# ......
#....##..#...
...###.........#..
.......<..@gg.w..g
.........)....S...
#####..........##.
#..####....... #..
.###... .... .. ..
#.... .#. . #....
...#


You could see 2 gnolls, an adder, a dart slug and a hobgoblin (wandering).

Vanquished Creatures
  A gnoll (D:2)
  2 dart slugs (D:1)
  A ball python (D:1)
  2 endoplasms (D:1)
  2 giant cockroaches (D:1)
  A kobold (D:1)
  A quokka (D:1)
  6 bats (D:1)
  2 frilled lizards (D:1)
  5 goblins (D:1)
  A rat (D:1)
24 creatures vanquished.

Notes
Turn   | Place    | Note
-------+----------+-------------------------------------------
     0 | D:1      | qw the Tengu Warper began the quest for the Orb.
     0 | D:1      | Reached XP level 1. HP: 12/12 MP: 4/4
     0 | D:1      | 0 ||| qw: Version: 0.1-a-89-g26bdef1
     0 | D:1      | 0 ||| qw: Game counter: 2952
     0 | D:1      | 0 ||| qw: Always use a shield: true
     0 | D:1      | 0 ||| qw: God list: Okawaru
     0 | D:1      | 0 ||| qw: Allow faded altars: false
     0 | D:1      | 0 ||| qw: Do Orc after D:15 true
     0 | D:1      | 0 ||| qw: Do second Lair branch before Depths: true
     0 | D:1      | 0 ||| qw: Lair rune preference: random
     0 | D:1      | 0 ||| qw: Plans: Normal
     0 | D:1      | 0 ||| PLANNING D:1-11
    67 | D:1      | 67 ||| UPGRADING to +0 ring mail.
    77 | D:1      | 77 ||| DROPPING +0 leather armour.
    78 | D:1      | 78 ||| READING scroll labelled SEESON FOHI.
    79 | D:1      | 79 ||| READING scroll labelled ZUMIXO YFET.
    80 | D:1      | 80 ||| DROPPING scroll of blinking.
    81 | D:1      | 81 ||| Stepping randomly (stuck).
    82 | D:1      | 82 ||| Stepping randomly (stuck).
    83 | D:1      | 83 ||| Stepping randomly (stuck).
   164 | D:1      | 164 ||| Stepping ~*~*~tactically~*~*~ (hiding).
   166 | D:1      | 166 ||| Stepping ~*~*~tactically~*~*~ (hiding).
   174 | D:1      | Reached skill level 3 in Axes
   174 | D:1      | Reached XP level 2. HP: 17/17 MP: 6/6
   471 | D:1      | 471 ||| Stepping ~*~*~tactically~*~*~ (stealth).
   472 | D:1      | 472 ||| Stepping ~*~*~tactically~*~*~ (stealth).
   493 | D:1      | 493 ||| READING scroll labelled FOLIS ROOCOR.
   921 | D:1      | Reached XP level 3. HP: 18/21 MP: 7/7
  1346 | D:1      | 1346 ||| READING scroll labelled BAVANA BAIHUAL.
  1351 | D:1      | 1351 ||| READING scroll labelled ZINYMY JOIVVIE.
  1352 | D:1      | 1352 ||| DRINKING 2 sapphire potions.
  1375 | D:2      | HP: 5/21 [poisoned by a gnoll]
  1377 | D:2      | HP: 1/21 [poisoned by a gnoll]
  1378 | D:2      | Reached skill level 4 in Axes
  1378 | D:2      | Succumbed to a gnoll's poison

Levels and vault maps discovered:
D:1:      minmay_arrival_wavy_path, layout_basic, dk_noncrumbling_4,
          reono_crystal_passage, minivault_23, serial_bayou_crossing
D:2:      layout_rooms, basic_ecumenical_altar, minmay_cut_off

Skill      XL: |  1  2  3 |
---------------+----------+-----
Axes           | 3 4 |  4.1
Fighting       | |  2.0
Throwing       | |  1.0
Armour         | |  1.1
Dodging        | |  2.1
Spellcasting   | |  2.0
Translocations | |  2.4

Action                   || total
-------------------------++-------
Melee: Hand axe          ||    49
       Kick              ||    11
       Punch             ||     1
       Peck              ||     2
Throw: Boomerang         ||     7
  Use: Scroll            ||     5
       Potion            ||     1
Armor: Ring mail         ||    21
Dodge: Dodged            ||    25

Table legend:
 A = Non-vault XP
 B = Vault XP
 C = Vault XP percentage of total XP
 D = Non-vault monster count
 E = Vault monster count
 F = Vault count percentage of total count
                 A         B        C        D         E       F
            +---------+---------+-------+---------+---------+-------
      Total |      55 |       0 |   0.0 |      24 |       0 |   0.0
            +---------+---------+-------+---------+---------+-------
        D:1 |      41 |       0 |   0.0 |      23 |       0 |   0.0
        D:2 |      14 |       0 |   0.0 |       1 |       0 |   0.0
            +---------+---------+-------+---------+---------+-------
